 Dungeon Sprint DCSS version bcrawl-1.26.1 (webtiles) character file.

Game seed: 469902310309311034

317841 MordorOrchid the Chiller (level 4, -2/29 HPs)
             Began as a Fairy Ice Elementalist on July 2, 2020.
             Was an Initiate of Gozag.
             Slain by a two-headed ogre
             ... wielding a +0 giant club
              (23 damage)
             ... in the Dungeon (Sprint IX: "|||||||||||||||||||||||||||||").
             The game lasted 00:04:26 (199 turns).

MordorOrchid the Chiller (Fairy Ice Elementalist)    Turns: 199, Time: 00:04:27

Health: -2/29      AC:  6    Str:  6    XL:     4   Next: 56%
Magic:  4/14       EV: 19    Int: 22    God:    Gozag
Gold:   0          SH:  4    Dex: 16    Spells: 1/15 levels left

rFire    . . .     SeeInvis .   y - +2 rapier (venom)
rCold    . . .     Gourm    .   (shield restricted)
rNeg     . . .     Faith    .   (armour unavailable)
rPois    .         Spirit   .   (no helmet)
rElec    .         Reflect  .   p - +0 cloak
rCorr    .         Harm     .   (no gloves)
MR       .....     NoTele   +   o - +0 pair of boots
Stlth    +.........             (no amulet)
HPRegen  0.09/turn              q - +3 ring of intelligence
MPRegen  0.14/turn              r - +3 ring of dexterity

@: gold aura, flying evasively, very slightly contaminated, invisible
A: small, magic attunement, unstealthy, unfitting armour, able to fly, AC/SH +4
a: Stop Flying, Potion Petition, Call Merchant, Bribe Branch, Renounce Religion


You were in the Dungeon.
You worshipped Gozag.
Gozag was noncommittal.
You were not hungry.

You visited 1 branch

Inventory:

Hand Weapons
 a - a +2 scimitar of holy wrath
 y - a +2 rapier of venom (weapon)
Armour
 o - a +0 pair of boots (worn)
 p - a +0 cloak (worn)
Jewellery
 q - a +3 ring of intelligence (left hand)
 r - a +3 ring of dexterity (right hand)
Wands
 b - a wand of iceblast (11)
Scrolls
 i - 2 scrolls of blinking
 k - 3 scrolls of remove curse
 l - 2 scrolls of amnesia
Potions
 c - 3 potions of heal wounds
 d - 5 potions of curing
 g - 4 potions of magic
 h - a potion of berserk rage
Comestibles
 e - a ration {!d}
 j - 9 chunks of flesh


   Skills:
 - Level 2.0 Fighting
 * Level 0.3 Short Blades
 * Level 4.8 Dodging
 - Level 1.8 Stealth
 * Level 6.3 Spellcasting
 - Level 1.2 Conjurations
 + Level 6.9 Ice Magic
 * Level 2.8 Evocations


You had one spell level left.
You knew the following spells:

 Your Spells              Type           Power        Failure   Level  Hunger
a - Freeze                Ice            #####.       1%          1    None
b - Throw Frost           Conj/Ice       ###...       1%          2    None
f - Throw Icicle          Conj/Ice       ###.....     17%         4    None
s - Summon Ice Beast      Ice/Summ       ###.....     22%         4    None
y - Ozocubu's Armour      Chrm/Ice       ###.....     6%          3    None

Your spell library contained the following spells:

 Spells                   Type           Power        Failure   Level  Hunger


Dungeon Overview and Level Annotations

Branches:
Dungeon (1/1)

Altars:
Cheibriados
Dithmenos
Elyvilon
Fedhas
Gozag
Hepliaklqana
Kikubaaqudgha
Lugonu
Makhleb
Nemelex Xobeh
Okawaru
Qazlal
Ru
Sif Muna
Trog
Uskayaw
Vehumet
Wu Jian
Xom
Yredelemnul
Zin
The Shining One
Beogh
Jiyva


Innate Abilities, Weirdness & Mutations

Your spells do not cause hunger and MP costs are reduced by 1.
Your bright wings attract enemies. (Stealth-)
You cannot fit into any form of body armour.
Your shimmering scales are hard and can block incoming attacks. (AC +4, SH +4)
You are small and have problems with some larger weapons.
You can fly continuously.


Message History

The two-headed ogre hits you with a +0 giant club!
You block the two-headed ogre's attack.
You hit the two-headed ogre.
The two-headed ogre looks more poisoned.
The two-headed ogre is severely wounded.
The crimson imp becomes distracted by the nearby gold, dreaming of imaginary riches.
The two-headed ogre barely misses you. The two-headed ogre closely misses you.
You barely miss the two-headed ogre.
The two-headed ogre is severely wounded.
The crimson imp is no longer distracted by gold.
The two-headed ogre becomes distracted by the nearby gold, dreaming of imaginary riches.
You barely miss the two-headed ogre.
The two-headed ogre is no longer distracted by gold.
The two-headed ogre shouts in stereo!
The two-headed ogre is severely wounded.
The two-headed ogre closely misses you.
The two-headed ogre hits you with a +0 giant spiked club!!
Ouch! That really hurt!
You die...
Your body crumbles into a pile of gold. ▓▓▓▓▓▓▓▓▓▓▓▓▓▓▓▓▓▓▓▓▓▓▓▓ _______'...)..YY@Oo5Ks.. ▓▓▓▓▓▓▓▓▓▓▓▓▓▓▓▓▓▓▓▓▓▓▓▓ $ $ $$$$$$ $$$$$ $ $ $ $$$$$

You could see a two-headed ogre, a big kobold, a scorpion (wandering), a crimson imp, an orc and 2 friendly ice beasts.

Vanquished Creatures
  A howler monkey (D)
  A hound (D)
  An adder (D)
  An adder zombie (D)
  An orc (D)
  2 hobgoblins (D)
  A quokka (D)
  A bat (D)
  A frilled lizard (D)
  A kobold (D)
11 creatures vanquished.

Notes
Turn   | Place    | Note
-------+----------+-------------------------------------------
     0 | D        | MordorOrchid the Fairy Ice Elementalist began the quest for
                  | the Orb.
     0 | D        | Reached XP level 1. HP: 11/11 MP: 6/6
    27 | D        | Noticed a howler monkey
    27 | D        | Noticed a hound
    30 | D        | Killed a howler monkey
    30 | D        | Reached skill level 1 in Fighting
    30 | D        | Reached XP level 2. HP: 11/18 MP: 6/9
    30 | D        | Reached XP level 3. HP: 14/23 MP: 7/11
    33 | D        | Reached skill level 5 in Spellcasting
    33 | D        | Reached XP level 4. HP: 12/29 MP: 7/13
    45 | D        | Learned a level 4 spell: Throw Icicle
    49 | D        | Learned a level 3 spell: Ozocubu's Armour
    54 | D        | Learned a level 4 spell: Summon Ice Beast
    57 | D        | Learned a level 2 spell: Throw Frost
    70 | D        | Found a roughly hewn altar of Beogh.
    70 | D        | Found a snail-covered altar of Cheibriados.
    70 | D        | Found a shadowy altar of Dithmenos.
    70 | D        | Found a white marble altar of Elyvilon.
    70 | D        | Found a blossoming altar of Fedhas.
    70 | D        | Found an opulent altar of Gozag.
    71 | D        | Found a hazy altar of Hepliaklqana.
    72 | D        | Found a viscous altar of Jiyva.
    73 | D        | Found an ancient bone altar of Kikubaaqudgha.
    74 | D        | Found a corrupted altar of Lugonu.
    75 | D        | Found a burning altar of Makhleb.
    76 | D        | Found a sparkling altar of Nemelex Xobeh.
    77 | D        | Found an iron altar of Okawaru.
    78 | D        | Became a worshipper of Gozag Ym Sagoz the Greedy
    79 | D        | Found a stormy altar of Qazlal.
    80 | D        | Found a sacrificial altar of Ru.
    81 | D        | Found a shimmering blue altar of Sif Muna.
    82 | D        | Found a bloodstained altar of Trog.
    83 | D        | Found a hide-covered altar of Uskayaw.
    84 | D        | Found a radiant altar of Vehumet.
    85 | D        | Found an ornate altar of the Wu Jian Council.
    86 | D        | Found a shimmering altar of Xom.
    87 | D        | Found a basalt altar of Yredelemnul.
    88 | D        | Found a glowing silver altar of Zin.
    89 | D        | Found a glowing golden altar of the Shining One.
   191 | D        | Noticed a two-headed ogre
   191 | D        | Noticed a big kobold
   199 | D        | Slain by a two-headed ogre

Skill      XL: |  1  2  3  4 |
---------------+-------------+-----
Ice Magic      | 6 |  6.9
Dodging        | 4 |  4.8
Spellcasting   | 4 5 6 |  6.3
Fighting       | 1 2 |  2.0
Evocations     | 2 |  2.8
Short Blades   | |  0.3
Stealth        | |  1.8
Conjurations   | |  1.2

Action                   |  1- 3 |  4- 6 || total
-------------------------+-------+-------++-------
Melee: Rapier            |       |     6 ||     6
 Cast: Freeze            |    12 |     3 ||    15
       Throw Icicle      |       |     5 ||     5
       Summon Ice Beast  |       |     2 ||     2
  Use: Potion            |     1 |     1 ||     2
 Stab: Invisible         |       |     1 ||     1
Armor: Skin              |     1 |       ||     1
Dodge: Dodged            |     2 |     6 ||     8
Block: Other             |       |     1 ||     1
